 Dungeon Crawl Stone Soup version 0.29.0-4-gdea44cf6ec (webtiles) character file.

Game seed: 8818988372867272043

3566 ImASeal the Fighter (level 9, -10/97 (105) HPs)
             Began as a Troll Berserker on Aug 27, 2022.
             Was an Elder of Trog.
             Mangled by an orc warrior
             ... wielding a +1 halberd of electrocution
              (15 damage)
             ... in a bailey.
             The game lasted 00:48:46 (5830 turns).

ImASeal the Fighter (Troll Berserker)               Turns: 5830, Time: 00:48:46

HP:   -10/97 (105)  AC: 11    Str: 31    XL:     9   Next: 84%
MP:   8/8           EV:  9    Int:  3    God:    Trog [****..]
Gold: 106           SH:  0    Dex:  9    Spells: 8/8 levels left

rFire   . . .      SeeInvis .   r - +2 hammer (protect)
rCold   . . .      Faith    .   (no shield)
rNeg    . . .      Spirit   .   G - +0 swamp dragon scales
rPois   +          Reflect  .   (helmet restricted)
rElec   .          Harm     .   v - +0 cloak
rCorr   .          Rampage  .   (gloves unavailable)
Will    ++...                   (boots unavailable)
Stlth   ..........              (no amulet)
HPRegen 2.06/turn               h - ring of ice
MPRegen 0.11/turn               s - ring of fire

@: strong-willed, regenerating, drained
A: large, unfitting armour, claws 3, regeneration 1, shaggy fur 1, tough skin 1
a: Renounce Religion, Berserk, Trog's Hand, Brothers in Arms


You were in a bailey.
You worshipped Trog.
Trog was greatly pleased with you.
You visited 2 branches of the dungeon, and saw 9 of its levels.
You also visited: Bailey.

You collected 472 gold pieces.
You spent 366 gold pieces at shops.

Inventory:

Hand Weapons
 n - a +1 flail of protection
 q - a +1 vorpal hand axe
 r - a +2 hammer of protection (weapon)
 u - a +3 quarterstaff of chaos
 z - a +1 dagger of freezing
 B - a +0 shortbow
 H - a +2 dagger of holy wrath
 Q - a +1 halberd of draining
Missiles
 A - 14 boomerangs (quivered)
 L - 12 poisoned darts
Armour
 m - a +0 pair of boots
 v - a +0 cloak (worn)
 G - +0 swamp dragon scales (worn)
Jewellery
 h - a ring of ice (left claw)
 l - a ring of magical power
 s - a ring of fire (right claw)
 E - a ring of resist corrosion
Wands
 t - a wand of digging (1)
 K - a wand of mindburst (6)
Scrolls
 a - 2 scrolls of fog {unknown}
 c - 4 scrolls of identify
 e - 2 scrolls of teleportation
 g - 2 scrolls of blinking
 o - a scroll of silence
 x - a scroll of fear {unknown}
 y - a scroll of amnesia {unknown}
 C - a scroll of vulnerability {unknown}
 D - a scroll of enchant weapon {unknown}
 I - a scroll of noise
 J - a scroll of torment
 M - a scroll of magic mapping {unknown}
Potions
 b - a potion of curing
 d - a potion of flight
 f - a potion of magic {unknown}
 i - 2 potions of haste {unknown}
 j - a potion of ambrosia {unknown}
 k - a potion of brilliance {unknown}
 p - 3 potions of mutation {unknown}
 w - 3 potions of degeneration {unknown}
 F - a potion of attraction {unknown}
 N - a potion of berserk rage
 O - a potion of experience
 P - 2 potions of resistance {unknown}
 R - a potion of cancellation {unknown}


   Skills:
 * Level 11.1 Fighting
 - Level 1.0 Maces & Flails
 + Level 3.7 Armour
 - Level 2.8 Dodging
 - Level 3.7 Unarmed Combat


You had 8 spell levels left.
You didn't know any spells.
Your spell library contained the following spells:

 Spells                   Type           Power      Damage    Failure   Level
 Slow                     Hex            0%         N/A       63%         1
 Confusing Touch          Hex            0%         N/A       94%         3
 Inner Flame              Hex/Fire       0%         N/A       94%         3
 Vampiric Draining        Necr           0%         2d6       94%         3
 Cause Fear               Hex            0%         N/A       100%        4
 Discord                  Hex            0%         N/A       100%        8


Dungeon Overview and Level Annotations

Branches:
Dungeon (8/15)             Temple (1/1) D:7          Bailey (1/1)
   Lair: D:8-11

Altars:
Ashenzari
Cheibriados
Dithmenos
Elyvilon
Fedhas
Gozag
Hepliaklqana
Kikubaaqudgha
Makhleb
Nemelex Xobeh
Okawaru
Qazlal
Ru
Sif Muna
Trog
Uskayaw
Wu Jian
Xom
Yredelemnul
Zin
The Shining One

Shops:
D:3 [   D:6 *   D:8 ![

Annotations:
D:4 Blork the orc


Innate Abilities, Weirdness & Mutations

You are too large for most types of armour.
You have claws for hands.
Your natural rate of healing is unusually fast.
You are covered in fur. (AC +1)
You have tough skin. (AC +1)


Message History

You thump the gnoll!
Your weapon exudes an aura of protection.
The gnoll is severely wounded.
The orc warrior closely misses you. The gnoll barely misses you.
The gnoll hits you from afar with a +0 halberd of electrocution!
You barely miss the gnoll.
The gnoll is severely wounded.
The gnoll hits you but does no damage.
You are electrocuted!
The orc warrior barely misses you.
The gnoll hits you but does no damage. x2
The gnoll closely misses you. The gnoll barely misses you.
The orc warrior hits you from afar with a +1 halberd of electrocution!
The gnoll hits you but does no damage.
There is an open door here.
You are too injured to fight recklessly!
The gnoll barely misses you.
The orc warrior hits you from afar with a +1 halberd of electrocution!
You thump the gnoll!
Your weapon exudes an aura of protection.
You kill the gnoll!
Trog accepts your kill.
The orc warrior hits you from afar with a +1 halberd of electrocution.
There is an open door here.
The orc warrior hits you with a +1 halberd of electrocution!
* * * LOW HITPOINT WARNING * * *
You are electrocuted!
* * * LOW HITPOINT WARNING * * *
The gnoll hits you but does no damage.
Your skin crawls.
You feel strong-willed.
The orc warrior hits you with a +1 halberd of electrocution.
* * * LOW HITPOINT WARNING * * *
The gnoll hits you but does no damage.
You feel better. The orc warrior closely misses you.
The gnoll hits you from afar with a +1 halberd of electrocution.
* * * LOW HITPOINT WARNING * * *
You are electrocuted!
* * * LOW HITPOINT WARNING * * *
The orc warrior attacks as you move away!
The orc warrior hits you with a +1 halberd of electrocution!
You die...

#.# #.###.#
+##+##+#
+##'##'##
#!.!.!
#.....##
#.!.!.
#.....###
+!.⌠.!
+..⌠..')#
#.!.!.
#.....###
#!.!gg##
##.....##
#o###'##'##'##
##@'.###)###)#
##### ### ###


You could see an orc warrior and 2 gnolls.

Vanquished Creatures
  7 yaks
  Edmund (D:4)
  A water moccasin (D:6)
  2 ice beasts
  An orc warrior (D:8)
  3 black bears
  A sky beast (D:7)
  2 centaurs
  A kobold brigand (D:7)
  3 bullfrogs
  A necrophage (D:5)
  A scorpion (D:5)
  5 wights (D:7)
  3 howler monkeys (D:7)
  3 jellies
  3 hounds
  A gnoll bouda (D:6)
  An orc priest (D:8)
  Crazy Yiuf (D:3)
  3 orc wizards
  4 iguanas
  14 gnolls
  5 adders
  A shadow imp (D:5)
  2 ufetubi
  A worm (D:2)
  3 dart slugs (D:2)
  29 orcs
  3 ball pythons
  4 endoplasms
  6 giant cockroaches
  2 goblins
  5 hobgoblins
  8 jackals
  7 kobolds
  3 quokkas
  5 bats
  4 frilled lizards
  3 rats (D:1)
153 creatures vanquished.

Vanquished Creatures (others)
  3 orc wizards (D:8)
3 creatures vanquished.

Grand Total: 156 creatures vanquished

Notes
Turn   | Place    | Note
-------+----------+-------------------------------------------
     0 | D:1      | ImASeal the Troll Berserker began the quest for the Orb.
     0 | D:1      | Reached XP level 1. HP: 22/22 MP: 0/0
   195 | D:1      | Reached XP level 2. HP: 27/29 MP: 1/1
   699 | D:2      | Reached XP level 3. HP: 34/36 MP: 2/2
   798 | D:2      | Reached ** piety under Trog
  1268 | D:3      | Found Guggek's Armour Shop.
  1277 | D:3      | Bought a +0 pair of boots for 49 gold pieces
  1720 | D:3      | Reached skill level 3 in Fighting
  1749 | D:3      | Found a glowing silver altar of Zin.
  1770 | D:3      | Found an opulent altar of Gozag.
  1834 | D:3      | Found a runed translucent door.
  1835 | D:3      | Noticed Crazy Yiuf
  1847 | D:3      | Noticed a necrophage
  1863 | D:3      | Killed Crazy Yiuf
  1864 | D:3      | Reached XP level 4. HP: 44/45 MP: 3/3
  1965 | D:3      | Reached skill level 1 in Maces & Flails
  2065 | D:4      | Reached XP level 5. HP: 51/54 MP: 4/4
  2077 | D:4      | Found a sparkling altar of Nemelex Xobeh.
  2093 | D:4      | Noticed Blork the orc
  2100 | D:4      | Found a shimmering blue altar of Sif Muna.
  2149 | D:4      | Reached skill level 4 in Fighting
  2157 | D:4      | Noticed Edmund
  2295 | D:4      | Reached *** piety under Trog
  2623 | D:4      | Killed Edmund
  2624 | D:4      | Reached skill level 5 in Fighting
  2624 | D:4      | Reached XP level 6. HP: 25/66 MP: 5/5
  2675 | D:5      | Entered Level 5 of the Dungeon
  2682 | D:5      | Noticed a yak
  2700 | D:5      | Killed a yak
  2701 | D:5      | Found an iron altar of Okawaru.
  2770 | D:5      | Reached skill level 6 in Fighting
  2770 | D:5      | Reached XP level 7. HP: 60/75 MP: 6/6
  2816 | D:5      | Reached skill level 7 in Fighting
  2932 | D:5      | Found a stormy altar of Qazlal.
  2958 | D:5      | Found a burning altar of Makhleb.
  2958 | D:5      | Found a blossoming altar of Fedhas.
  2990 | D:5      | Noticed a yak
  3000 | D:5      | Killed a yak
  3001 | D:5      | Reached XP level 8. HP: 73/88 MP: 7/7
  3025 | D:5      | Found an iron altar of Okawaru.
  3239 | D:6      | Reached skill level 8 in Fighting
  3609 | D:6      | Reached skill level 9 in Fighting
  3621 | D:6      | Reached **** piety under Trog
  3627 | D:6      | Reached XP level 9. HP: 77/101 MP: 8/8
  3758 | D:6      | Reached skill level 10 in Fighting
  3758 | D:6      | Reached skill level 1 in Armour
  3855 | D:6      | Found Nijoodd's General Store.
  3879 | D:6      | Bought a scroll of noise for 15 gold pieces
  3879 | D:6      | Bought a potion of curing for 45 gold pieces
  3879 | D:6      | Bought a potion of curing for 45 gold pieces
  3879 | D:6      | Bought a scroll of torment for 142 gold pieces
  3988 | D:6      | Found a shimmering altar of Xom.
  4565 | D:7      | Found a staircase to the Ecumenical Temple.
  4574 | Temple   | Entered the Ecumenical Temple
  4815 | D:7      | Found an ancient bone altar of Kikubaaqudgha.
  5000 | D:7      | Found a sacrificial altar of Ru.
  5258 | D:8      | Reached skill level 11 in Fighting
  5310 | D:8      | Found Nopag's Antique Armour Boutique.
  5374 | D:8      | Found Ezygie's Distillery.
  5509 | D:8      | Found a flagged portal.
  5601 | D:8      | Bought a potion of berserk rage for 70 gold pieces
  5636 | Bailey   | Entered a bailey
  5830 | Bailey   | Mangled by an orc warrior

Illustrated notes

Levels and vault maps discovered:
D:1:      dpeg_arrival_erosion, layout_rooms
D:2:      layout_basic
D:3:      layout_basic, pdpol_temple_overflow_zin_treasury_gozag_greed,
          serial_shops, shop, uniq_crazy_yiuf_cottage
D:4:      layout_rooms, tgw_sif, nemelex_xobeh_ov_fountains_minmay,
          uniq_blork_the_orc, uniq_edmund
D:5:      layout_rooms, mainiacjoe_overflow_chevrons,
          gammafunk_temple_overflow_elements, hangedman_feature_mirror,
          nicolae_concentric_dashed_squares_mild
D:6:      layout_basic, general_overflow_altar, serial_shops, shop,
          dreamdust_princess_corridor
D:7:      layout_loops_ring, mainiacjoe_overflow_surrounded_room,
          nicolae_ru_awakened_eye, lemuel_temple_firewalk_b
D:8:      layout_basic, serial_shops, shop, shop, enter_bailey_6
Temple:   nicolae_temple_bog_church
Bailey:   bailey_polearm_nasty_gnolls, bailey

Skill      XL: |  1  2  3  4  5  6  7  8  9 |
---------------+----------------------------+-----
Fighting       | 3 5 6 7 9 11 | 11.1
Maces & Flails | 1 |  1.0
Armour         | 3 |  3.7
Dodging        | |  2.8
Unarmed Combat | |  3.7

Action                   |  1- 3 |  4- 6 |  7- 9 || total
-------------------------+-------+-------+-------++-------
Melee: Unarmed           |    88 |       |       ||    88
       Mace              |    15 |   101 |   394 ||   510
       Punch             |     4 |     1 |    11 ||    16
Invok: Berserk           |       |       |     3 ||     3
       Trog's Hand       |       |       |     2 ||     2
  Use: Scroll            |       |     6 |       ||     6
       Potion            |       |     2 |     4 ||     6
Armor: Animal skin       |     8 |       |       ||     8
       Robe              |    29 |    78 |   112 ||   219
       Swamp dragon scal |       |       |   327 ||   327
Dodge: Dodged            |    36 |    91 |   327 ||   454
